[Event "Titled Tuesday Blitz February 28 Late 2023"]
[White "Slade, Theodore"]
[Black "Dorato, Adriano"]
[WhiteFideId "426547"]
[BlackFideId "2802894"]
[WhiteElo "1964"]
[BlackElo "1709"]
[Result "1-0"]
[Round "04"]
[TimeControl "180+2"]
[Date "2023.02.28"]
[WhiteClock "0:00:59"]
[BlackClock "0:00:16"]

1. d4 d5 2. c4 e6 3. Nf3 Nf6 4. g3 c6 5. Bg2 Be7 6. O-O b6 7. Qc2 Bb7 8. b3 O-O 9. Bb2 Nbd7 10. Nc3 Rc8 11. Rfd1 c5 12. cxd5 Nxd5 13. Nxd5 Bxd5 14. e4 Bc6 15. d5 exd5 16. exd5 Bb7 17. d6 Bf6 18. Ng5 Bxg5 19. Bxb7 Rb8 20. Be4 h6 21. h4 Bf6 22. Re1 Bxb2 23. Qxb2 Qf6 24. Qd2 Rfd8 25. Kg2 Nf8 26. Rad1 Ne6 27. Bb1 Nd4 28. Qd3 g6 29. h5 Kg7 30. hxg6 Rxd6 31. gxf7 Rh8 32. Re8 Qxf7 33. Rxh8 Kxh8 34. Qe4 Qd5 35. Qxd5 Rxd5 36. f4 Rd7 37. Re1 Kg7 38. g4 Rf7 39. Kg3 Rd7 40. g5 hxg5 41. fxg5 Nf5+ 42. Bxf5 Rf7 43. Kg4 Rc7 44. Rh1 Kf8 45. Rh8+ Kg7 46. Rh7+ 1-0


[Site "https://www.chess.com"]

[Event "Titled Tuesday Blitz February 28 Late 2023"]
[White "Buchenau, Frank"]
[Black "Papasimakopoulos, Alexandros"]
[WhiteFideId "4604350"]
[BlackFideId "4244125"]
[WhiteElo "2157"]
[BlackElo "2359"]
[Result "0-1"]
[Round "04"]
[TimeControl "180+2"]
[Date "2023.02.28"]
[WhiteClock "0:00:27"]
[BlackClock "0:00:28"]

1. e4 e6 2. d4 d5 3. Nd2 Nf6 4. e5 Nfd7 5. c3 c5 6. Bd3 Nc6 7. Ne2 cxd4 8. cxd4 f6 9. exf6 Nxf6 10. Nf3 Bd6 11. Bf4 Qa5+ 12. Qd2 Qxd2+ 13. Kxd2 Bb4+ 14. Nc3 Ne4+ 15. Bxe4 dxe4 16. Ng5 O-O 17. Be3 Rd8 18. Rad1 e5 19. d5 Bg4 20. Rde1 Rxd5+ 21. Kc1 Bxc3 22. bxc3 Bf5 23. g4 Bg6 24. h4 h6 25. Ne6 b6 26. Nc7 Rad8 27. Nxd5 Rxd5 28. h5 Bf7 29. Bd2 Ra5 30. Rxe4 Bd5 31. Rhe1 Bxe4 32. Rxe4 Rxa2 33. Rc4 Na5 34. Rc7 Nb3+ 0-1


[Site "https://www.chess.com"]

[Event "Titled Tuesday Blitz February 28 Late 2023"]
[White "Desideri, Ricardo Maruchi"]
[Black "Sanchez Alvares, Kelvin Antonio"]
[WhiteFideId "2110440"]
[BlackFideId "3906680"]
[WhiteElo "1945"]
[BlackElo "2217"]
[Result "0-1"]
[Round "04"]
[TimeControl "180+2"]
[Date "2023.02.28"]
[WhiteClock "0:00:06"]
[BlackClock "0:01:08"]

1. e4 e5 2. f4 exf4 3. Bc4 Nc6 4. d4 d6 5. Bxf4 Nf6 6. Nc3 Be7 7. Nf3 O-O 8. O-O Nxe4 9. Nxe4 d5 10. Bxd5 Qxd5 11. Nc3 Qa5 12. d5 Nd8 13. Ne4 Bg4 14. Qd4 f5 15. d6 cxd6 16. Nxd6 Ne6 17. Qc4 Qc5+ 18. Qxc5 Nxc5 19. Rae1 Bf6 20. b4 Na6 21. Nxb7 Nxb4 22. Ne5 Bh5 23. Nd7 Bd4+ 24. Kh1 Rf7 25. Nbc5 Rc8 0-1


[Site "https://www.chess.com"]

[Event "Titled Tuesday Blitz February 28 Late 2023"]
[White "Gatterer, Florian"]
[Black "Redzisz, Michal"]
[WhiteFideId "811688"]
[BlackFideId "21816107"]
[WhiteElo "2221"]
[BlackElo "2175"]
[Result "0-1"]
[Round "04"]
[TimeControl "180+2"]
[Date "2023.02.28"]
[WhiteClock "0:00:03"]
[BlackClock "0:00:01"]

1. Nf3 Nf6 2. g3 b6 3. Bg2 Bb7 4. O-O g6 5. b3 Bg7 6. Bb2 O-O 7. c4 c5 8. d4 cxd4 9. Nxd4 Bxg2 10. Kxg2 d6 11. Nc3 Nbd7 12. Re1 Nc5 13. Kg1 h5 14. h4 Qd7 15. Kg2 Qb7+ 16. Kg1 d5 17. cxd5 Nxd5 18. e3 Rfd8 19. Qf3 Nd3 20. Nxd5 Nxe1 21. Nf6+ Bxf6 22. Qxb7 Nd3 23. Ba3 Rab8 24. Qe4 Ne5 25. Rc1 b5 26. Rc7 b4 27. Bb2 Ng4 28. Kg2 Rb6 29. Qb1 e5 30. Nf3 e4 31. Bxf6 exf3+ 32. Kxf3 Rxf6+ 33. Ke4 Nxf2+ 34. Ke5 Rf5+ 35. Qxf5 gxf5 36. Rxa7 Ng4+ 37. Kxf5 Nxe3+ 38. Kg5 Rd5+ 39. Kf4 Nd1 40. Rb7 Rd4+ 41. Kg5 Nc3 42. Kxh5 Nxa2 43. g4 Kg7 44. g5 Nc3 45. g6 Rd5+ 46. Kg4 Kxg6 47. Rxb4 Ne2 48. Rb6+ f6 49. h5+ Kf7 50. Rb7+ Ke6 51. Rb6+ Kf7 52. Rb7+ Ke6 53. Rb6+ Ke5 54. Rb7 Rd4+ 55. Kf3 Ng1+ 56. Kg2 Ne2 57. Kf3 Nf4 58. h6 Rd3+ 59. Kf2 Rd2+ 60. Kf3 Rh2 61. h7 Nd5 62. Kg3 Rh6 63. b4 f5 64. b5 f4+ 65. Kf3 Rh3+ 66. Kg2 Rh6 67. Kf3 Kf5 68. Rf7+ Ke6 69. Rb7 Ke5 0-1


[Site "https://www.chess.com"]

[Event "Titled Tuesday Blitz February 28 Late 2023"]
[White "Tsyhanchuk, Stanislav"]
[Black "Haszon, David"]
[WhiteFideId "13505130"]
[BlackFideId "733610"]
[WhiteElo "2173"]
[BlackElo "2210"]
[Result "1-0"]
[Round "04"]
[TimeControl "180+2"]
[Date "2023.02.28"]
[WhiteClock "0:00:05"]
[BlackClock "0:00:06"]

1. c4 e6 2. Nc3 d5 3. e3 c6 4. Nf3 f5 5. b3 Nf6 6. Bb2 Bd6 7. d4 O-O 8. Be2 Nbd7 9. O-O Qe8 10. a4 Ne4 11. c5 Bc7 12. b4 Ndf6 13. Nxe4 Nxe4 14. Ne5 Bxe5 15. dxe5 a5 16. f3 Ng5 17. f4 Ne4 18. b5 Qe7 19. Rc1 Bd7 20. Qc2 Rfc8 21. Ba3 g5 22. b6 Qg7 23. Bd3 Be8 24. Bxe4 dxe4 25. Rcd1 Rd8 26. Rd6 Bh5 27. Bb2 gxf4 28. Rxf4 Re8 29. h3 Kh8 30. Kh2 Re7 31. Qf2 Rf8 32. g4 Bg6 33. h4 h6 34. Bc3 Kh7 35. Bxa5 Ra8 36. Qe1 Ree8 37. Qc3 h5 38. g5 Ra6 39. Bb4 Rea8 40. a5 Bf7 41. Qd2 Kg6 42. Kg2 Qf8 43. Kg3 Qe7 44. Rd7 Qe8 45. Rxb7 Rd8 46. Qc3 Rd3 47. Qc2 Ra8 48. Rf2 Qd8 49. Rc7 Qd5 50. b7 Qxe5+ 51. Kg2 Rb8 52. Rxf7 Kxf7 53. a6 Qc7 54. Bc3 Rxb7 55. axb7 Qxb7 56. Ba1 Qb4 57. Qa2 Qb7 58. Qc4 Rxe3 59. Qd4 Qb3 60. Qg7+ Ke8 61. Qg6+ Ke7 62. Bf6+ Kd7 63. Qf7+ Kc8 64. Qe8+ Kc7 65. Be5+ Kb7 66. Qb8+ Ka6 67. Qa8+ Kb5 68. Qb7+ Kc4 69. Qxc6 f4 70. Qxe6+ Kb4 71. Bxf4 Rf3 72. Qxe4+ Qc4 73. Qxf3 1-0


[Site "https://www.chess.com"]

[Event "Titled Tuesday Blitz February 28 Late 2023"]
[White "Pino Perez, Lazaro"]
[Black "Mendez Machado, Andre"]
[WhiteFideId "3517055"]
[BlackFideId "6603793"]
[WhiteElo "2170"]
[BlackElo "1989"]
[Result "1-0"]
[Round "04"]
[TimeControl "180+2"]
[Date "2023.02.28"]
[WhiteClock "0:00:07"]
[BlackClock "0:00:02"]

1. d4 Nf6 2. Bf4 e6 3. e3 d5 4. Nf3 Bd6 5. Nbd2 O-O 6. c3 c5 7. Bd3 Qc7 8. Bxd6 Qxd6 9. Ne5 Nbd7 10. f4 b5 11. a3 Rb8 12. g4 b4 13. axb4 cxb4 14. c4 dxc4 15. Ndxc4 Qd5 16. O-O Bb7 17. Qf3 Qxf3 18. Nxf3 Nxg4 19. Rxa7 Ndf6 20. h3 Nh6 21. Nfe5 Bd5 22. Nd2 Ra8 23. Rfa1 Rxa7 24. Rxa7 Ra8 25. Rc7 g6 26. e4 Ra1+ 27. Kf2 Ba8 28. Kf3 Kg7 29. Nb3 Ra2 30. Nc5 Rxb2 31. Nxe6+ Kg8 32. Rc8+ 1-0


[Site "https://www.chess.com"]

[Event "Titled Tuesday Blitz February 28 Late 2023"]
[White "Sarkar, Justin"]
[Black "Michalski, Olaf"]
[WhiteFideId "2010011"]
[BlackFideId "1106740"]
[WhiteElo "2189"]
[BlackElo "2173"]
[Result "1-0"]
[Round "04"]
[TimeControl "180+2"]
[Date "2023.02.28"]
[WhiteClock "0:00:54"]
[BlackClock "0:01:07"]

1. e4 c5 2. Nf3 a6 3. c3 Nf6 4. e5 Nd5 5. d4 e6 6. Be2 Nc6 7. c4 Nb6 8. d5 exd5 9. cxd5 Ne7 10. d6 Ng6 11. O-O f6 12. Re1 Nxe5 13. Nxe5 fxe5 14. Bh5+ g6 15. Rxe5+ Kf7 16. Bg5 Qxg5 17. Rxg5 gxh5 18. Qxh5+ 1-0


[Site "https://www.chess.com"]

[Event "Titled Tuesday Blitz February 28 Late 2023"]
[White "Guimaraes, Wagner Peixoto"]
[Black "Albornoz Cabrera, Carlos Daniel"]
[WhiteFideId "2100940"]
[BlackFideId "3518736"]
[WhiteElo "2185"]
[BlackElo "2501"]
[Result "0-1"]
[Round "04"]
[TimeControl "180+2"]
[Date "2023.02.28"]
[WhiteClock "0:01:42"]
[BlackClock "0:02:42"]

1. d4 d5 2. Nf3 Nf6 3. c3 Bf5 4. Qb3 Qc8 5. Bf4 e6 6. Nbd2 Bd6 7. Bxd6 cxd6 8. e3 O-O 9. Be2 Nc6 10. O-O Rb8 11. Qa3 Qc7 12. Rac1 b5 13. b4 a5 14. bxa5 Nxa5 15. Qb4 Nc4 16. Nb3 Ne4 17. Nh4 Bg6 18. Nxg6 hxg6 19. f3 Nf6 20. Kf2 Ra8 21. Bxc4 bxc4 0-1


[Site "https://www.chess.com"]

[Event "Titled Tuesday Blitz February 28 Late 2023"]
[White "Denishev, Marat"]
[Black "Lalanne, Pablo"]
[WhiteFideId "24131563"]
[BlackFideId "112151"]
[WhiteElo "2302"]
[BlackElo "2120"]
[Result "1-0"]
[Round "04"]
[TimeControl "180+2"]
[Date "2023.02.28"]
[WhiteClock "0:00:16"]
[BlackClock "0:00:03"]

1. d4 Nf6 2. c4 e6 3. Nf3 c5 4. d5 exd5 5. cxd5 d6 6. Nc3 g6 7. e4 a6 8. a4 Bg4 9. h3 Bxf3 10. Qxf3 Nbd7 11. Be2 Bg7 12. O-O O-O 13. Re1 Qe7 14. Bf4 Rac8 15. Bf1 h5 16. a5 Ne5 17. Qg3 Nfd7 18. Bg5 f6 19. Bd2 g5 20. f4 gxf4 21. Bxf4 Kh7 22. Be2 Rg8 23. Qf2 Qf7 24. Ra3 Bh6 25. Bxh6 Kxh6 26. Nd1 Rg5 27. Ne3 Rcg8 28. Nf5+ Kh7 29. Bf1 Qf8 30. Rb3 Qb8 31. Ree3 c4 32. Rbc3 b5 33. Rg3 Nc5 34. Rxg5 Rxg5 35. Re3 Qc7 36. Kh1 Qd7 37. Be2 Nxe4 38. Rxe4 Qxf5 39. Rf4 Qb1+ 40. Kh2 f5 41. h4 Rg4 42. Bxg4 Nxg4+ 43. Rxg4 hxg4 44. Qa7+ Kh6 45. Qxa6 Qxb2 46. Qxd6+ Kh5 47. Qf4 Qf6 48. g3 c3 49. d6 c2 50. d7 Qe7 51. Qxf5+ Kh6 52. Qxc2 Qxd7 53. Qc1+ Kh7 54. Qb1+ Kg7 55. Qb2+ Kh7 56. a6 Qc6 57. Qb1+ Kg7 58. Qa1+ Kh7 59. Qb1+ Kg7 60. a7 Qb7 61. Qa1+ Kh7 62. a8=Q Qxa8 63. Qxa8 b4 64. Qe4+ Kg7 65. Qxg4+ Kf7 66. Qxb4 1-0


[Site "https://www.chess.com"]

[Event "Titled Tuesday Blitz February 28 Late 2023"]
[White "Rodrigues, Tiago Pereira"]
[Black "Meftahi, Houssem"]
[WhiteFideId "2101203"]
[BlackFideId "5501660"]
[WhiteElo "2168"]
[BlackElo "2124"]
[Result "1-0"]
[Round "04"]
[TimeControl "180+2"]
[Date "2023.02.28"]
[WhiteClock "0:00:07"]
[BlackClock "0:00:08"]

1. c4 e6 2. e3 d5 3. f4 d4 4. Nf3 dxe3 5. dxe3 Qxd1+ 6. Kxd1 c5 7. b3 Nf6 8. Bb2 Nc6 9. Kc1 Be7 10. Bd3 Ng4 11. Re1 Nb4 12. Bf1 O-O 13. a3 Nc6 14. h3 Nf6 15. Nbd2 b6 16. Kc2 Bb7 17. Rad1 a5 18. g4 a4 19. g5 axb3+ 20. Nxb3 Ne4 21. Rd7 Bc8 22. Rc7 Bd6 23. Rxc6 Bd7 24. Rxb6 Bc7 25. Rb7 Rfc8 26. Be5 Bxe5 27. Nxe5 Ba4 28. Bg2 Nd6 29. Rb6 Rab8 30. Rxb8 Rxb8 31. Rb1 Nf5 32. Be4 Nxe3+ 33. Kc3 f5 34. gxf6 gxf6 35. Nd3 f5 36. Bf3 Kg7 37. Ndxc5 Bxb3 38. Rxb3 Rc8 39. Nxe6+ Kf6 40. Nd4 Nxc4 41. Kd3 Kg7 42. Nxf5+ Kg6 43. Nd4 Kg7 44. a4 Kf6 45. Bb7 Rc7 46. h4 Na5 47. Rb6+ Kf7 48. Bd5+ Ke7 49. Rb5 Rc1 50. Rxa5 Rd1+ 51. Kc4 Rc1+ 52. Kb4 Rb1+ 53. Kc5 Rf1 54. f5 Kf6 55. Ra6+ Ke5 56. Re6+ Kf4 57. f6 Kg4 58. Bc4 Rf4 59. a5 Kxh4 60. a6 Kg5 61. a7 1-0


[Site "https://www.chess.com"]

[Event "Titled Tuesday Blitz February 28 Late 2023"]
[White "Clawitter, Craig"]
[Black "Poeta, Caio Medeiros"]
[WhiteFideId "2023105"]
[BlackFideId "2142660"]
[WhiteElo "2242"]
[BlackElo "2191"]
[Result "1-0"]
[Round "04"]
[TimeControl "180+2"]
[Date "2023.02.28"]
[WhiteClock "0:00:13"]
[BlackClock "0:00:52"]

1. e4 c6 2. d4 d5 3. e5 c5 4. Nf3 Nc6 5. dxc5 Bg4 6. a3 e6 7. b4 Bxf3 8. Qxf3 Nxe5 9. Bb5+ Nc6 10. c4 Nf6 11. Nc3 Be7 12. cxd5 Nxd5 13. Nxd5 exd5 14. O-O O-O 15. Bb2 a6 16. Bd3 Re8 17. Rad1 Bf8 18. Bxh7+ Kxh7 19. Rxd5 Qe7 20. Rh5+ Kg8 21. Qh3 f6 22. Rh8+ Kf7 23. Qh5+ Ke6 24. Re1+ Ne5 25. Bxe5 Kd7 26. Rd1+ Kc6 27. Qf3+ Kb5 28. Qd3+ Ka4 29. Bd6 Qe6 30. g3 Rad8 31. Qc2+ Qb3 32. Qxb3+ Kxb3 33. Rd3+ Kc4 34. Re3 Rxe3 35. fxe3 Be7 36. Rxd8 Bxd8 37. Kf2 Kb3 38. Kf3 Kxa3 39. b5 Kb3 40. c6 bxc6 41. bxc6 a5 42. c7 Bxc7 43. Bxc7 a4 44. Bd6 a3 45. Bxa3 Kxa3 46. Kf4 Kb4 47. Kf5 Kc4 48. Kg6 Kd3 49. Kxg7 Kxe3 50. Kxf6 Kf3 51. Kg5 Kg2 52. h4 Kxg3 53. h5 Kf3 54. h6 Ke4 55. h7 Kf3 56. h8=Q Kg3 57. Qf6 1-0


[Site "https://www.chess.com"]

[Event "Titled Tuesday Blitz February 28 Late 2023"]
[White "Huang, Alex"]
[Black "Mikhalsky, Vladimir"]
[WhiteFideId "4302508"]
[BlackFideId "14144352"]
[WhiteElo "2029"]
[BlackElo "2272"]
[Result "0-1"]
[Round "04"]
[TimeControl "180+2"]
[Date "2023.02.28"]
[WhiteClock "0:00:01"]
[BlackClock "0:00:13"]

1. d4 Nf6 2. Nf3 g6 3. Bf4 Bg7 4. c3 O-O 5. Nbd2 d6 6. e4 Nc6 7. Be2 e5 8. dxe5 dxe5 9. Nxe5 Nxe5 10. Bxe5 Re8 11. Bxf6 Qxf6 12. O-O Rd8 13. Qc2 Qg5 14. Nf3 Qf4 15. Rfe1 Bg4 16. h3 Bxf3 17. Bxf3 Be5 18. Rad1 c6 19. Rxd8+ Rxd8 20. Rd1 Rd6 21. Kf1 Qh2 22. Rxd6 Bxd6 23. Ke2 Bc5 24. b4 Bb6 25. c4 Bd4 26. Qd3 c5 27. a3 Qg1 28. Kd2 Qxf2+ 29. Qe2 Qg1 30. bxc5 Qa1 31. Qd3 Qb2+ 32. Qc2 Qxa3 33. e5 Qe3+ 34. Kd1 Bxe5 35. Bxb7 Qg1+ 36. Ke2 Qxc5 37. Qe4 Kg7 38. Bd5 a5 39. Qxe5+ f6 40. Qe3 Qb4 41. Kf3 a4 42. c5 a3 43. c6 Qd6 44. Qe6 Qc5 45. Qf7+ Kh6 46. c7 Qc3+ 47. Kf2 Qd2+ 48. Kg1 Qc1+ 49. Kf2 Qf4+ 50. Bf3 Qd2+ 51. Kg1 a2 52. c8=Q a1=Q+ 53. Kh2 Qf4+ 54. g3 Qxf3 55. Qff8+ Kg5 56. Qcc5+ Qf5 57. h4+ Kg4 58. Qxf5+ Kxf5 59. Qc8+ Ke5 60. Qc5+ Ke6 61. Qc6+ Kf5 62. Qc5+ Ke4 63. Qc4+ Qd4 64. Qc6+ Ke3 65. Qe8+ Qe5 66. Qa8 Qe4 67. Qa3+ Ke2 68. Qb2+ Kf3 69. Qa3+ Kg4 70. Qc3 Qe2+ 71. Kg1 Qf3 72. Qd4+ Kxg3 73. h5 gxh5 0-1


[Site "https://www.chess.com"]

[Event "Titled Tuesday Blitz February 28 Late 2023"]
[White "Onslow, Alfie"]
[Black "Grot, Blazej"]
[WhiteFideId "436976"]
[BlackFideId "21835845"]
[WhiteElo "2114"]
[BlackElo "1823"]
[Result "0-1"]
[Round "04"]
[TimeControl "180+2"]
[Date "2023.02.28"]
[WhiteClock "0:00:03"]
[BlackClock "0:02:20"]

1. e4 e5 2. Bc4 Nc6 3. d3 Nf6 4. Nc3 Bc5 5. f4 exf4 6. Bxf4 d6 7. Nf3 Bg4 8. Qe2 O-O 9. O-O-O a6 10. h3 Bh5 11. g4 Bg6 12. Nh4 b5 13. Nxg6 hxg6 14. Bd5 Nxd5 15. Nxd5 Nd4 16. Qg2 c6 17. Ne3 Ne6 18. Qf3 Qf6 19. Rhf1 Nd4 20. Qf2 Ne6 21. Bg3 Qg5 22. Rde1 d5 23. Qe2 d4 24. h4 Qxe3+ 25. Qxe3 dxe3 0-1


[Site "https://www.chess.com"]

[Event "Titled Tuesday Blitz February 28 Late 2023"]
[White "aidenzhouu"]
[Black "Quirke, Jeffrey"]
[BlackFideId "2013029"]
[WhiteElo "2412"]
[BlackElo "2210"]
[Result "1-0"]
[Round "04"]
[TimeControl "180+2"]
[Date "2023.02.28"]
[WhiteClock "0:00:18"]
[BlackClock "0:00:02"]

1. d4 g6 2. e4 Bg7 3. Nf3 d6 4. Bc4 e6 5. O-O Ne7 6. Bb3 O-O 7. c3 b6 8. Re1 Bb7 9. Nbd2 Nd7 10. Nf1 a6 11. Ng3 c6 12. Qe2 h6 13. a4 Qc7 14. Be3 c5 15. Rad1 d5 16. e5 c4 17. Bc2 b5 18. h4 Nc6 19. h5 g5 20. Nxg5 hxg5 21. h6 Bxe5 22. dxe5 Ncxe5 23. Qh5 f6 24. Bd4 Kh8 25. Ne2 Qd8 26. f4 Qe8 27. Qxe8 Raxe8 28. fxe5 fxe5 29. Be3 g4 30. axb5 axb5 31. Ra1 Ra8 32. Rxa8 Rxa8 33. Nd4 Ra2 34. Nxe6 Rxb2 35. Bf5 d4 36. cxd4 Rxg2+ 37. Kf1 g3 38. dxe5 Rh2 39. Ng5 g2+ 40. Kf2 Nxe5 41. Bd4 1-0


[Site "https://www.chess.com"]

[Event "Titled Tuesday Blitz February 28 Late 2023"]
[White "Lopez Perdomo, Juan David"]
[Black "Hajiyev, Kanan"]
[WhiteFideId "4405137"]
[BlackFideId "13404148"]
[WhiteElo "1965"]
[BlackElo "2103"]
[Result "0-1"]
[Round "04"]
[TimeControl "180+2"]
[Date "2023.02.28"]
[WhiteClock "0:00:39"]
[BlackClock "0:01:33"]

1. e4 c6 2. d4 d5 3. Nc3 a6 4. Nge2 Bg4 5. h3 Bh5 6. exd5 cxd5 7. g4 Bg6 8. Nf4 e6 9. Bg2 Bd6 10. Qe2 Nc6 11. Ncxd5 Nxd4 12. Qc4 Nxc2+ 13. Kf1 Nxa1 14. Nxg6 hxg6 15. Bf4 exd5 16. Bxd5 Bxf4 17. Bxf7+ Kf8 18. Qxf4 Qf6 19. Qh6 Nxh6 0-1


[Site "https://www.chess.com"]

[Event "Titled Tuesday Blitz February 28 Late 2023"]
[White "Fernandez Hernandez, Gerardo"]
[Black "Li, Hui"]
[WhiteFideId "2207400"]
[BlackFideId "15400310"]
[WhiteElo "2198"]
[BlackElo "1967"]
[Result "1-0"]
[Round "04"]
[TimeControl "180+2"]
[Date "2023.02.28"]
[WhiteClock "0:00:31"]
[BlackClock "0:00:49"]

1. e4 e5 2. Nf3 Nf6 3. Nc3 Nc6 4. d4 exd4 5. Nxd4 Bb4 6. Nxc6 bxc6 7. Bd3 O-O 8. O-O d5 9. exd5 cxd5 10. h3 c6 11. Qf3 Bd6 12. Bf4 Rb8 13. b3 Rb4 14. Ne2 Re8 15. Rad1 h6 16. c4 Be6 17. Nd4 c5 18. Nc6 Qc7 19. Nxb4 cxb4 20. Bxd6 Qxd6 21. Rfe1 d4 22. Bf5 a5 23. Qd3 Bxf5 24. Rxe8+ Nxe8 25. Qxf5 Nf6 26. Qd3 Qe5 27. Qxd4 Qe2 28. Qd8+ Kh7 29. Qd3+ Qxd3 30. Rxd3 Ne4 31. Rd5 g5 32. Rxa5 Nc3 33. c5 Nd5 34. c6 Ne7 35. c7 Kg6 36. Ra8 Kf5 37. c8=Q+ Nxc8 38. Rxc8 1-0


[Site "https://www.chess.com"]

[Event "Titled Tuesday Blitz February 28 Late 2023"]
[White "Gamage, Wanshini Vidusama"]
[Black "Rangel, Daniel"]
[WhiteFideId "9953752"]
[BlackFideId "2124475"]
[WhiteElo "2193"]
[BlackElo "2256"]
[Result "0-1"]
[Round "04"]
[TimeControl "180+2"]
[Date "2023.02.28"]
[WhiteClock "0:00:41"]
[BlackClock "0:00:31"]

1. e4 c6 2. d4 d5 3. e5 c5 4. Nf3 cxd4 5. Qxd4 Nc6 6. Qf4 e6 7. Bd3 Nge7 8. Bd2 Ng6 9. Qg3 Qb6 10. b3 Nd4 11. Nxd4 Qxd4 12. Bc3 Bb4 13. Bxg6 hxg6 14. O-O Bxc3 15. Qxc3 Qxc3 16. Nxc3 Bd7 17. a4 a6 18. Ne2 Rb8 19. Nd4 Rc8 20. f4 Ke7 21. Rac1 Rc3 22. Rf3 Rhc8 23. Rxc3 Rxc3 24. Kf2 Rc8 25. Ke3 Rh8 26. h3 Rf8 27. c4 Rc8 28. Kd3 f6 29. c5 fxe5 30. fxe5 Rf8 31. c6 bxc6 32. Nxc6+ Ke8 33. Nb8 Kd8 34. Nxa6 Rf2 35. Rc2 Rf1 36. Nc5 Re1 37. Nxd7 Kxd7 38. Re2 Rb1 39. Kc3 Kc6 40. Kb4 Rc1 41. a5 d4 42. Ka4 Kd5 43. a6 d3 44. Rd2 Kd4 45. Kb5 Kc3 46. Rxd3+ Kxd3 47. b4 Kc3 48. a7 Ra1 49. Kb6 Kxb4 0-1


[Site "https://www.chess.com"]

[Event "Titled Tuesday Blitz February 28 Late 2023"]
[White "Gerbelli Neto, Eduardo"]
[Black "rikchessmx"]
[WhiteFideId "2103281"]
[WhiteElo "2178"]
[BlackElo "2169"]
[Result "1-0"]
[Round "04"]
[TimeControl "180+2"]
[Date "2023.02.28"]
[WhiteClock "0:01:12"]
[BlackClock "0:00:31"]

1. e4 c5 2. Nc3 e6 3. f4 a6 4. Nf3 Qc7 5. g3 Ne7 6. Bg2 d6 7. d3 g6 8. O-O Bg7 9. Qe1 Nbc6 10. g4 Nb4 11. Qf2 Rb8 12. a3 Nbc6 13. f5 exf5 14. gxf5 gxf5 15. Nd5 Nxd5 16. exd5 Ne7 17. c4 O-O 18. Qh4 Ng6 19. Qh5 f6 20. Nh4 Qf7 21. Nxf5 Bxf5 22. Qxf5 b5 23. Be4 Rfe8 24. b3 bxc4 25. bxc4 Re5 26. Qh3 a5 27. Bf5 Rb3 28. Be6 Rxe6 29. dxe6 Qe7 30. Bf4 f5 31. Rae1 Nxf4 32. Rxf4 Qg5+ 33. Qg3 Qxg3+ 34. hxg3 Bd4+ 35. Rxd4 cxd4 36. e7 1-0


[Site "https://www.chess.com"]

[Event "Titled Tuesday Blitz February 28 Late 2023"]
[White "Tsukerman, Julia"]
[Black "Kovacs, Klara"]
[WhiteFideId "2621649"]
[BlackFideId "733210"]
[WhiteElo "1667"]
[BlackElo "2179"]
[Result "1/2-1/2"]
[Round "04"]
[TimeControl "180+2"]
[Date "2023.02.28"]
[WhiteClock "0:00:11"]
[BlackClock "0:00:10"]

1. e4 e6 2. d4 d5 3. Nd2 Be7 4. c3 c5 5. dxc5 Nf6 6. exd5 Qxd5 7. Ngf3 Bxc5 8. Bc4 Qd8 9. O-O O-O 10. Qc2 Nc6 11. Ne4 Nxe4 12. Qxe4 Kh8 13. Be3 f5 14. Qc2 Bxe3 15. fxe3 e5 16. Rad1 Qb6 17. Qf2 e4 18. Nd4 Ne5 19. Bb3 Nd3 20. Qc2 Bd7 21. Rd2 Rac8 22. Qd1 Qh6 23. Qe2 Qg5 24. Kh1 Rcd8 25. Bc4 Ne5 26. Bb3 Ng4 27. Nc2 Qh4 28. g3 Qh3 29. Qg2 Qxg2+ 30. Kxg2 Bb5 31. Rfd1 Bd3 32. h3 Ne5 33. Nd4 Rd6 34. Bc2 Bxc2 35. Rxc2 g6 36. Kf2 Nd3+ 37. Ke2 Rb6 38. b3 Rc8 39. c4 Kg7 40. Rcd2 Kf6 41. Nb5 a6 42. Nd4 Ke5 43. Rf1 h5 44. Rg1 Rd6 45. Nc2 Rcd8 46. Rgd1 Nc1+ 47. Ke1 Rxd2 48. Rxd2 Rxd2 49. Kxd2 Nxa2 50. Nd4 Nb4 51. Kc3 Nd3 52. Ne2 g5 53. Ng1 h4 54. gxh4 gxh4 55. Ne2 f4 56. exf4+ Nxf4 57. Ng1 e3 58. Kc2 Ke4 59. Kd1 b6 60. Ke1 Kd3 61. Nf3 e2 62. Ne5+ Ke3 63. Ng4+ Kf3 64. Ne5+ Kg3 65. b4 Kxh3 66. c5 bxc5 67. bxc5 Kg3 68. c6 Nd5 69. Kxe2 h3 70. Nf3 h2 71. Nxh2 Kxh2 72. Kd3 Kg3 73. Kc4 Nc7 74. Kc5 a5 75. Kb6 a4 76. Kxc7 a3 77. Kd7 a2 78. c7 a1=Q 79. Kc8 Qa8+ 80. Kd7 Qd5+ 81. Kc8 Kf4 82. Kb8 Qb5+ 83. Ka8 Qa6+ 84. Kb8 Qb6+ 85. Ka8 Qc6+ 86. Kb8 Qb5+ 87. Ka8 Qa5+ 88. Kb8 Qb6+ 89. Ka8 Qa6+ 90. Kb8 Qb6+ 1/2-1/2


[Site "https://www.chess.com"]

[Event "Titled Tuesday Blitz February 28 Late 2023"]
[White "Comas Fabrego, Lluis"]
[Black "Osmonbekov, Talaibek"]
[WhiteFideId "2200325"]
[BlackFideId "2017253"]
[WhiteElo "2523"]
[BlackElo "2135"]
[Result "1-0"]
[Round "04"]
[TimeControl "180+2"]
[Date "2023.02.28"]
[WhiteClock "0:00:21"]
[BlackClock "0:00:16"]

1. Nf3 f5 2. c4 Nf6 3. g3 d6 4. d4 e6 5. Bg2 Be7 6. O-O O-O 7. Nc3 a5 8. Re1 Ne4 9. Qc2 Nxc3 10. Qxc3 Nc6 11. d5 Bf6 12. Qd2 Ne5 13. Nxe5 dxe5 14. dxe6 Bxe6 15. Bxb7 Qxd2 16. Bxd2 Rab8 17. Bd5 Bxd5 18. cxd5 Rxb2 19. Bxa5 Rd8 20. Bc3 Rc2 21. Rec1 Rxe2 22. a4 Rxd5 23. a5 Rd8 24. a6 Ra8 25. a7 Be7 26. Rcb1 Kf7 27. Rb8 Rxa7 28. Rxa7 Bd6 29. Ba5 Ra2 30. Rbb7 Ke6 31. Bxc7 Rxa7 32. Rxa7 Bc5 33. Ra6+ Kd5 34. Ra5 Kc6 35. Rxc5+ Kxc5 36. Bxe5 g6 37. Kg2 Kd5 38. Bf4 Ke4 39. f3+ Kd3 40. h4 h5 41. Kf2 1-0


[Site "https://www.chess.com"]

[Event "Titled Tuesday Blitz February 28 Late 2023"]
[White "Levine, David"]
[Black "Ward, Ieuan C"]
[WhiteFideId "2011611"]
[BlackFideId "406627"]
[WhiteElo "2117"]
[BlackElo "2316"]
[Result "0-1"]
[Round "04"]
[TimeControl "180+2"]
[Date "2023.02.28"]
[WhiteClock "0:00:41"]
[BlackClock "0:01:09"]

1. d4 e5 2. dxe5 Nc6 3. Nf3 Qe7 4. Nc3 Nxe5 5. Nxe5 Qxe5 6. f4 Qa5 7. Bd2 c6 8. e4 d6 9. Bd3 Qb6 10. Rb1 Nf6 11. Qe2 Bg4 12. Qe3 Qxe3+ 13. Bxe3 d5 14. exd5 Nxd5 15. Nxd5 cxd5 16. Bd4 f6 17. O-O Bd6 18. Rfe1+ Kf7 19. g3 h5 20. Kg2 h4 21. h3 Bd7 22. g4 Bxf4 23. Rbd1 b6 24. c3 Rae8 25. Bc2 Rxe1 26. Rxe1 Re8 27. Rxe8 Bxe8 28. b4 Ke6 29. a4 Be5 30. Bf2 Bxc3 31. a5 bxa5 32. bxa5 Bxa5 33. Bxh4 Bc3 34. Bf5+ Kd6 35. Bg3+ Kc5 36. Bb8 a5 37. Kf2 Bb5 38. Bc7 a4 39. Bd8 Kd6 40. g5 a3 41. gxf6 Bxf6 0-1


[Site "https://www.chess.com"]

[Event "Titled Tuesday Blitz February 28 Late 2023"]
[White "Liu, Kelsey"]
[Black "Souza, Gustavo Horokoski De"]
[WhiteFideId "30944481"]
[BlackFideId "2146584"]
[WhiteElo "2314"]
[BlackElo "1859"]
[Result "1-0"]
[Round "04"]
[TimeControl "180+2"]
[Date "2023.02.28"]
[WhiteClock "0:00:13"]
[BlackClock "0:00:58"]

1. e4 e6 2. d4 d5 3. Nc3 Nf6 4. Bg5 Be7 5. e5 Nfd7 6. h4 h6 7. Be3 a6 8. Qg4 O-O 9. Bxh6 g6 10. h5 g5 11. Nf3 f6 12. exf6 Bxf6 13. Bxf8 Nxf8 14. Ne5 Nc6 15. Nxc6 bxc6 16. Bd3 e5 17. Bf5 exd4 18. Ne2 d3 19. cxd3 Bxf5 20. Qxf5 Qe7 21. Kf1 Re8 22. Re1 Bxb2 23. Rh3 Bc3 24. Re3 Qf7 25. Qxf7+ Kxf7 26. Nxc3 Rb8 27. Rf3+ Kg7 28. Re7+ Kh6 29. g4 Nh7 30. Rff7 1-0


[Site "https://www.chess.com"]